 Dungeon Crawl Stone Soup version 0.28.0-45-g0d030f2227 (webtiles) character file.

Game seed: 17380343216901032905

518 theElss the Skirmisher (level 7, -3/66 HPs)
             Began as a Gargoyle Berserker on Apr 2, 2022.
             Was a Believer of Trog.
             Killed from afar by an orc wizard (5 damage)
             ... with a puff of flame
             ... on level 4 of the Dungeon.
             The game lasted 00:07:41 (3795 turns).

theElss the Skirmisher (Gargoyle Berserker)         Turns: 3795, Time: 00:07:41

Health: -3/66      AC: 14    Str: 20    XL:     7   Next: 21%
Magic:  7/7        EV:  8    Int:  8    God:    Trog [**....]
Gold:   84         SH:  0    Dex: 11    Spells: 6/6 levels left

rFire   . . .      SeeInvis .   a - +0 mace
rCold   . . .      Faith    .   (no shield)
rNeg    + . .      Spirit   .   c - +0 chain mail
rPois   ∞          Reflect  .   (no helmet)
rElec   +          Harm     .   (no cloak)
rCorr   .          Rampage  .   (no gloves)
Will    .....                   (no boots)
Stlth   ..........              (no amulet)
HPRegen 0.21/turn               (no ring)
MPRegen 0.10/turn               (no ring)

@: berserking (expiring), very quick
A: sickness immunity, AC +4, negative energy resistance 1, electricity
resistance, torment resistance 1, petrification resistance
a: Renounce Religion, Berserk, Trog's Hand


You were on level 4 of the Dungeon.
You worshipped Trog.
Trog was pleased with you.
You visited 1 branch of the dungeon, and saw 4 of its levels.

You collected 84 gold pieces.

Inventory:

Hand Weapons
 a - a +0 mace (weapon)
Missiles
 m - 2 throwing nets (quivered)
Armour
 b - a +0 animal skin
 c - a +0 chain mail (worn)
Scrolls
 d - 5 scrolls of identify {unknown}
 e - a scroll of enchant weapon {unknown}
 f - 2 scrolls of amnesia {unknown}
 g - 3 scrolls of teleportation {unknown}
 h - 3 scrolls of fog {unknown}
 j - a scroll of vulnerability {unknown}
 k - 6 scrolls of noise {unknown}
 r - a scroll of fear {unknown}
Potions
 i - a potion of flight {unknown}
 l - 4 potions of curing {unknown}
 n - a potion of berserk rage {unknown}
 o - a potion of resistance {unknown}
 p - a potion of might {unknown}
 q - a potion of degeneration {unknown}


   Skills:
 + Level 5.2 Fighting
 + Level 4.7 Maces & Flails
 + Level 4.5 Armour
 + Level 3.3 Dodging


You had 6 spell levels left.
You didn't know any spells.
Your spell library was empty.

Dungeon Overview and Level Annotations

Branches:
Dungeon (4/15)
 Temple: D:4-7

Altars:
Gozag

Shops:
D:1 *


Innate Abilities, Weirdness & Mutations

You are immune to sickness and miasma.
Your stone body is resilient. (AC +4)
You are immune to poison.
You resist negative energy. (rN+)
You are resistant to electric shocks. (rElec)
You are resistant to unholy torment.
You are immune to petrification.


Message History

The orc wizard shouts!
An orc comes into view. It is wielding a +0 club.
The ogre hits you but does no damage.
You sock the ogre!
The ogre is moderately wounded.
The ogre hits you with a +0 giant spiked club!!
You hit the ogre.
The ogre is moderately wounded.
You barely miss the ogre.
The ogre is moderately wounded.
The ogre hits you with a +0 giant spiked club!
You hit the ogre.
The ogre is heavily wounded.
You closely miss the ogre.
The ogre is heavily wounded.
The ogre hits you with a +0 giant spiked club!
* * * LOW HITPOINT WARNING * * *
You hit the ogre.
The ogre is severely wounded.
The orc wizard hits you but does no damage.
The orc wizard mumbles some strange words.
The orc wizard flickers and vanishes!
Deactivating autopickup; reactivate with Ctrl-A.
The ogre hits you with a +0 giant spiked club!
* * * LOW HITPOINT WARNING * * *
Unknown command.
You sock the ogre!
You kill the ogre!
Trog accepts your kill. The orc wizard closely misses you.
You have reached level 7!
You thump the orc wizard!
The orc wizard is almost dead.
The orc throws a boomerang.
The boomerang closely misses you. The orc wizard casts a spell at you.
You resist with some effort.
You hear some strange, mumbled words.
A puff of flame appears from out of thin air!
The puff of flame hits you.
You die...

#'# #.#.#.#...... #.# #.#
##.#.#.#....)# #.# #.#
#...#...#.###. #.# #.#
#...#...##.... #.#
#.###...#...#..... #.#
#..#.#.#.#.#.#.... #.#
#.o#.#.#.#.#.#...) #######.#
#{o#.#.#.#.#.#....
#.......###@#...#...#...#.##
#.###.......#...#.<.#...##..
#.##........#...#...#...#...
#.##.........#.#.#.#.#.#....
#.##.........#.#.#.#.#.#....
##.##.........#.#.#.#.#.#...#
#..............#...#...#.###.
########.......#... ...##...#
#.............#...#...#....#


You could see an orc wizard and an orc.

Vanquished Creatures
  An ice beast (D:4)
  2 ogres (D:4)
  Terence (D:2)
  2 orc wizards
  6 gnolls
  2 adder skeletons (D:4)
  2 dart slugs
  9 orcs
  18 bats
  5 endoplasms
  3 giant cockroaches
  7 goblins
  8 hobgoblins
  12 jackals
  A quokka (D:1)
  7 ball pythons
  A frilled lizard (D:3)
  6 kobolds
  4 rats (D:2)
97 creatures vanquished.

Notes
Turn   | Place    | Note
-------+----------+-------------------------------------------
     0 | D:1      | theElss the Gargoyle Berserker began the quest for the Orb.
     0 | D:1      | Reached XP level 1. HP: 14/14 MP: 1/1
   397 | D:1      | Reached XP level 2. HP: 19/19 MP: 2/2
   749 | D:1      | Found Derily's General Store.
   823 | D:1      | Reached XP level 3. HP: 20/23 MP: 3/3
   901 | D:1      | Found a faded altar of an unknown god.
  1163 | D:2      | Noticed Terence
  1175 | D:2      | Killed Terence
  1284 | D:2      | Reached XP level 4. HP: 29/29 MP: 4/4
  1295 | D:2      | Reached ** piety under Trog
  1441 | D:2      | Found an opulent altar of Gozag.
  1475 | D:2      | Reached skill level 4 in Fighting
  2296 | D:3      | Reached XP level 5. HP: 33/33 MP: 5/5
  3174 | D:4      | Noticed an ice beast
  3187 | D:4      | Killed an ice beast
  3188 | D:4      | Reached XP level 6. HP: 39/39 MP: 6/6
  3510 | D:4      | Reached skill level 5 in Fighting
  3793 | D:4      | HP: 1/60 [ogre/+0 giant spiked club (17)]
  3795 | D:4      | Reached XP level 7. HP: 2/44 MP: 7/7
  3795 | D:4      | Killed from afar by an orc wizard

Illustrated notes

Levels and vault maps discovered:
D:1:      heliophobic_arrival_glass_houses, layout_basic, serial_shops,
          shop_fountains, basic_ecumenical_altar, minmay_liquid_box,
          chequers_serial_rivers_micro_d
D:2:      layout_basic, basic_altar, uniq_terence
D:3:      layout_basic, roderic_batcave, chequers_avenue, minmay_misc_feat_tower
D:4:      nicolae_BIG_FREAKIN_CUBE, layout_basic

Skill      XL: |  1  2  3  4  5  6 |
---------------+-------------------+-----
Dodging        | 2 3 |  3.3
Armour         | 3 4 |  4.5
Fighting       | 4 5 |  5.2
Maces & Flails | 4 |  4.7

Action                   |  1- 3 |  4- 6 |  7- 9 || total
-------------------------+-------+-------+-------++-------
Melee: Mace              |    81 |   221 |     1 ||   303
       Punch             |     1 |     2 |       ||     3
Invok: Berserk           |     2 |     8 |       ||    10
Armor: Animal skin       |    18 |       |       ||    18
       Chain mail        |    45 |   160 |       ||   205
Dodge: Dodged            |    57 |   124 |     1 ||   182
